Map: Catalyst LE

Players

SamuraiFunn

  • Race: Protoss Protoss
  • League: Platinum
  • Spawn Location: 5:00

A.I. 1 (Very Hard) - Winner!

  • Race: Terran Terran
  • Spawn Location: 11:00

VOD

Have the link to the VOD?

Description

Time

  • Played on: Nov. 30, 2017, 9:11 p.m.
  • Length: 4:20
Show
View Real Time Build Order
Export as new Build Order

SamuraiFunn Protoss 

Build Orders:  

Get SALT Encoding   

  12  0:01  Probe  
  13  0:13  Probe  
  14  0:21  Pylon  
  14  0:25  Probe  
  15  0:39  Probe  
  16  0:47  Gateway  
  16  0:51  Probe  
  17  1:03  Probe  
  18  1:15  Probe (Chrono Boost)  
  19  1:19  Assimilator  
  19  1:23  Pylon  
  20  1:27  Probe (Chrono Boost)  
  20  1:32  Probe (Chrono Boost)  
  21  1:39  Cybernetics Core, Zealot  
  23  1:47  Probe  
  24  1:49  Gateway  
  24  1:55  Assimilator  
  24  2:08  Probe  
  25  2:09  Pylon  
  25  2:19  Pylon  
  25  2:20  Probe  
  25  2:21  Adept  
  28  2:25  Warp Gate (Chrono Boost)  
  28  2:44  Stalker  
  30  2:46  Probe  
  31  2:58  Probe  
  32  2:59  Nexus  
  32  3:01  Stalker  
  32  3:02  Pylon  
  34  3:19  Probe  
  35  3:31  Probe  
  36  3:43  Probe, Stalker  
  39  3:51  Assimilator  
  39  3:54  Assimilator  
  39  4:14  Gateway  
  39  4:17  Gateway  
Show
View Real Time Build Order
Export as new Build Order

A.I. 1 (Very Hard) Terran - Winner!

Build Orders:  

Get SALT Encoding   

  12  0:00  SCV  
  13  0:13  SCV  
  14  0:19  Supply Depot  
  14  0:25  SCV  
  15  0:40  SCV  
  16  0:43  Barracks  
  16  0:46  Refinery  
  16  0:52  SCV  
  17  1:03  Barracks  
  17  1:05  SCV  
  18  1:17  SCV  
  19  1:31  Marine, Orbital Command  
  20  1:43  Barracks  
  20  1:49  Marine  
  20  1:50  Marine  
  22  1:57  Supply Depot  
  22  2:01  SCV  
  23  2:08  Barracks Tech Lab  
  23  2:09  Barracks Tech Lab  
  23  2:19  SCV  
  24  2:26  Marine  
  24  2:27  Marine  
  26  2:30  Concussive Shells, Marine  
  27  2:38  Supply Depot  
  27  2:44  Marine  
  27  2:45  Marine  
  27  2:48  SCV, Marine  
  31  3:02  Marauder  
  31  3:03  Marauder  
  35  3:05  Marine  
  35  3:07  Supply Depot  
  36  3:20  SCV  
  36  3:23  Marine x2  
  36  3:24  Marine  
  39  3:32  SCV, Supply Depot  
  40  3:41  Marine  
  40  3:42  Marauder  
  43  3:49  Refinery  
  47  4:14  Supply Depot  
Tags
 
League
Platinum
Matchup
PvT
Replay Pack
First 100 games
Spawn Locations
Cross Positions
Add a new tag
Caveats
  • Supply blocks, unpowered buildings, or Contaminate may cause inaccurate times.
  • Supply counts are checked every 10 seconds.